 Dungeon Crawl Stone Soup version 0.30-b1-2-g02819fbbbe (webtiles) character file.

Game seed: 14860923708401170956

137431 Fartwhistle the Skirmisher (level 17, -2/133 HPs)
             Began as a Gnoll Hunter on Nov 24, 2023.
             Was an Initiate of Gozag.
             Killed from afar by Nikola (43 damage)
             ... with an arc of chain lightning
             ... on level 1 of the Spider Nest on Nov 25, 2023.
             The game lasted 01:41:13 (36796 turns).

Fartwhistle the Skirmisher (Gnoll Hunter)          Turns: 36796, Time: 01:41:14

Health: -2/133     AC: 25    Str: 15    XL:     17   Next: 24%
Magic:  30/32      EV: 17    Int: 11    God:    Gozag
Gold:   2748       SH:  5    Dex: 17    Spells: 25/38 levels left

rFire   + . .        p - +5 Force Lance {heavy, knockback}
rCold   + . .        (no shield)
rNeg    . . .        F - +5 ring mail of the Endless Expanse {-Tele rElec rPois SInv}
rPois   +            K - +0 helmet
rElec   +            j - +1 cloak
rCorr   +            R - +2 pair of gloves
SInv    +            P - +2 pair of boots
Will    +....        U - amulet "Zaylawn Gyzi" {Reflect Slay+2 SH+5}
Stlth   ++++         o - ring of poison resistance
HPRegen 0.42/turn    G - ring of wizardry
MPRegen 0.23/turn

%: no teleportation, reflection, clarity, wizardry (x1)
@: mighty, resistant
A: fangs 1, strong nose, distributed training, iridescent scales 1, clarity,
deterioration 1
a: Renounce Religion, Potion Petition, Call Merchant, Bribe Branch


You were on level 1 of the Spider Nest.
You worshipped Gozag.
Gozag was most pleased with you.
You visited 5 branches of the dungeon, and saw 24 of its levels.
You also visited: Bailey.

You collected 9245 gold pieces.
You spent 2106 gold pieces at shops.
You paid 4391 gold pieces to Gozag.

Inventory:

Hand Weapons
 a - a +4 arbalest
 p - the +5 Force Lance (weapon) {heavy, knockback}
   (You found it on level 2 of the Dungeon)
 Z - a +4 triple sword of holy wrath
Missiles
 s - a throwing net
Armour
 f - the +9 chain mail of Nemelex Xobeh's Hope {rF++ rN+ Str-4 Stlth+}
   (You found it on level 8 of the Dungeon)

   Str:       It affects your strength (-4).
   rF:        It greatly protects you from fire.
   rN:        It protects you from negative energy.
   Stlth:     It makes you more stealthy.
 j - a +1 cloak (worn)
 D - a +0 buckler
 F - the +5 ring mail of the Endless Expanse (worn) {-Tele rElec rPois SInv}
   (You found it on level 12 of the Dungeon)

   rElec:     It insulates you from electricity.
   rPois:     It protects you from poison.
   SInv:      It lets you see invisible.
   -Tele:     It prevents most forms of teleportation.
 K - a +0 helmet (worn)
 P - a +2 pair of boots (worn)
 R - a +2 pair of gloves (worn)
Jewellery
 o - a ring of poison resistance (left hand)
 B - a +6 ring of intelligence
 G - a ring of wizardry (right hand)
 U - the amulet "Zaylawn Gyzi" (around neck) {Reflect Slay+2 SH+5}
   (You bought it in a shop on level 3 of the Lair of Beasts)

   [amulet of reflection]

   It reflects blocked missile attacks.
   Slay:      It affects your accuracy & damage with ranged weapons and melee
   (+2).
   SH:        It affects your SH (+5).
 W - a ring of ice
 Y - a ring of resist corrosion
Wands
 c - a wand of quicksilver (14)
 u - a wand of digging (4)
 y - a wand of mindburst (6)
 E - a wand of polymorph (3)
 H - a wand of roots (3)
 S - a wand of flame (25)
 V - a wand of paralysis (9)
Scrolls
 b - 5 scrolls of immolation
 g - 4 scrolls of vulnerability
 h - 2 scrolls of amnesia
 i - 6 scrolls of teleportation
 k - 2 scrolls of blinking
 m - 8 scrolls of enchant armour
 n - 4 scrolls of torment
 q - a scroll of butterflies
 r - 6 scrolls of magic mapping
 t - 5 scrolls of enchant weapon
 A - 5 scrolls of poison
 T - 2 scrolls of fog
 X - 2 scrolls of fear
Potions
 d - 7 potions of curing
 e - 4 potions of resistance
 l - 4 potions of ambrosia
 w - 2 potions of berserk rage
 x - 4 potions of heal wounds
 z - 6 potions of mutation
 C - 2 potions of flight
 I - 4 potions of attraction
 J - 2 potions of brilliance {unknown}
 L - 5 potions of might
 M - a potion of invisibility
 N - 2 potions of cancellation
 O - 2 potions of lignification {unknown}
 Q - a potion of haste


   Skills:
 + Level 12.2 Fighting
 + Level 11.4 Short Blades
 + Level 11.4 Long Blades
 + Level 11.4 Axes
 + Level 11.4 Maces & Flails
 + Level 11.4 Polearms
 + Level 11.4 Staves
 + Level 14.0 Ranged Weapons
 + Level 11.4 Throwing
 + Level 11.4 Armour
 + Level 12.2 Dodging
 + Level 11.6 Stealth
 + Level 11.4 Shields
 + Level 11.4 Unarmed Combat
 + Level 11.4 Spellcasting
 + Level 9.6 Conjurations
 + Level 9.6 Hexes
 + Level 9.6 Summonings
 + Level 9.6 Necromancy
 + Level 9.6 Translocations
 + Level 9.6 Transmutations
 + Level 9.6 Fire Magic
 + Level 9.6 Ice Magic
 + Level 9.6 Air Magic
 + Level 9.6 Earth Magic
 + Level 9.6 Poison Magic
 + Level 12.3 Invocations
 + Level 11.4 Evocations


You had 25 spell levels left.
You knew the following spells:

 Your Spells              Type           Power      Damage    Failure   Level
a - Slow                  Hex            100%       N/A       1%          1
b - Confusing Touch       Hex            27%        N/A       1%          3
c - Mephitic Cloud        Conj/Pois/Air  27%        N/A       1%          3
d - Poisonous Vapours     Pois/Air       54%        N/A       1%          2
e - Olgreb's Toxic Radia  Pois           27%        N/A       1%          4

Your spell library contained the following spells:

 Spells                   Type           Power      Damage    Failure   Level
 Apportation              Tloc           54%        N/A       1%          1
 Foxfire                  Conj/Fire      100%       2x1d9     1%          1
 Freeze                   Ice            100%       1d10      1%          1
 Kiss of Death            Conj/Necr      100%       2d13      1%          1
 Sting                    Tmut/Pois      100%       1d8       1%          1
 Ensorcelled Hibernation  Hex/Ice        54%        N/A       1%          2
 Lesser Beckoning         Tloc           54%        N/A       1%          2
 Passwall                 Tmut/Erth      22%        N/A       1%          2
 Scorch                   Fire           54%        2d7       1%          2
 Dazzling Flash           Conj/Hex       54%        N/A       1%          3
 Frozen Ramparts          Ice            54%        1d9       1%          3
 Gell's Gravitas          Tloc           27%        N/A       1%          3
 Hailstorm                Conj/Ice       27%        3d7       1%          3
 Inner Flame              Hex/Fire       27%        N/A       1%          3
 Swiftness                Air            27%        N/A       1%          3
 Teleport Other           Tloc           27%        N/A       1%          3
 Vampiric Draining        Necr           27%        2d7       1%          3
 Vhi's Electric Charge    Tloc/Air       54%        N/A       1%          3
 Volatile Blastmotes      Fire/Tloc      54%        2d14      1%          3
 Animate Armour           Summ/Erth      54%        N/A       1%          4
 Dispel Undead            Necr           27%        3d13      1%          4
 Flame Wave               Conj/Fire      27%        2d9       1%          4
 Fulminant Prism          Conj/Hex       13%        3d8       1%          4
 Iskenderun's Mystic Bla  Conj/Tloc      27%        2d7       1%          4
 Leda's Liquefaction      Hex/Erth       13%        N/A       1%          4
 Sticky Flame             Conj/Fire      27%        2d5       1%          4
 Agony                    Necr           27%        N/A       4%          5
 Alistair's Intoxication  Tmut/Pois      18%        N/A       4%          5
 Arcjolt                  Conj/Air       13%        1d23      4%          5
 Blade Hands              Tmut           13%        N/A       4%          5
 Freezing Cloud           Conj/Ice/Air   13%        6-21      4%          5
 Lee's Rapid Deconstruct  Erth           13%        3d9*      4%          5
 Silence                  Hex/Air        13%        N/A       4%          5
 Dispersal                Tloc           13%        N/A       22%         6
 Iron Shot                Conj/Erth      13%        9d3       22%         6
 Plasma Beam              Fire/Air       13%        2x1d27    22%         6
 Statue Form              Tmut/Erth      18%        N/A       22%         6
 Summon Cactus Giant      Summ           13%        N/A       22%         6
 Ignition                 Fire           13%        3d6       100%        8
 Fire Storm               Conj/Fire      13%        8d4       100%        9


Dungeon Overview and Level Annotations

Branches:
Dungeon (15/15)            Temple (1/1) D:4            Lair (5/5) D:10
 Shoals (0/4) Lair:3       Spider (1/4) Lair:3        Slime (0/5) Lair:5
    Orc (2/2) D:11            Elf (0/3) Orc:2        Vaults (0/5) D:13
 Depths (0/4) D:15         Bailey (visited)

Altars:
Ashenzari
Cheibriados
Dithmenos
Elyvilon
Fedhas
Gozag
Hepliaklqana
Kikubaaqudgha
Makhleb
Nemelex Xobeh
Okawaru
Qazlal
Ru
Sif Muna
Trog
Uskayaw
Vehumet
Wu Jian
Xom
Yredelemnul
Zin
The Shining One
Jiyva

Shops:
D:7 *   D:15 (   Orc:2 ([*:*   Lair:3 =

Annotations:
D:7 exclusion: upstairs
D:13 Azrael
Lair:1 Urug
Spider:1 Nikola


Innate Abilities, Weirdness & Mutations

You have very sharp teeth.
Your uncanny sense of smell can sniff out nearby items.
Your experience applies equally to all skills.
You are partially covered in iridescent scales. (AC +2)
You possess an exceptional clarity of mind.
Your body sometimes deteriorates upon taking damage.


Message History

Nikola shouts!
You hit Nikola.
Nikola is no longer distracted by gold.
You punch Nikola!
Nikola is moderately wounded.
Nikola looks more healthy.
Nikola mumbles, "Hm, I wonder if you're conductive."
Nikola hits you but does no damage.
You impale Nikola!!
Nikola is moderately wounded.
Nikola hits you but does no damage.
You puncture Nikola! You bite Nikola!
Nikola is heavily wounded.
Nikola misses you.
You hit Nikola.
Nikola is knocked back by the blow.
Nikola is heavily wounded.
Nikola completely misses you.
You hit Nikola.
Nikola is knocked back by the blow.
Nikola is heavily wounded.
Nikola misses you.
You impale Nikola!!
Nikola is knocked back by the blow.
Nikola is heavily wounded.
Nikola hits you with a +0 rapier of electrocution.
You see here 9 gold pieces.
You impale Nikola!!
Nikola is severely wounded.
Nikola barely misses you.
You impale Nikola!!
Nikola is almost dead.
Nikola says, "There's a spark of magic in your eyes."
Nikola mumbles some strange words.
Lightning arcs from Nikola's hands!
The bolt of lightning hits you!! You resist.
A bolt of lightning appears from out of thin air!
The bolt of lightning hits Nikola.
You hear a chilling moan.
You hear a faint skittering sound. x5
You hear a chilling moan.
Nikola casts a spell.
Lightning arcs from Nikola's hands!
The bolt of lightning hits you!!! You resist.
You die...
Your body crumbles into a pile of gold.

##### ### #..$#####
#[# #.......####.#
#.......#....#
##...........#
##.........##
#.........##
##.....@$####
#......@$$...#
#.......$....... ∆
######.....>....$##..
#...##.....#######
#..........#
##.^^(..#...#
####......####.#
#.#.....### ###


You could see Nikola.

Vanquished Creatures
  Frances (D:13)
  Roxanne (Spider:1)
  Kirke (Lair:3)
  A fire giant (D:15)
  2 orc warlords (Orc:2)
  Josephine (Lair:5)
  An entropy weaver (Lair:3)
  3 vault guards (D:13)
  Fannar (D:12)
  A hydra (Lair:2)
  3 catoblepae (Lair:5)
  A centaur warrior (D:15)
  A death knight (D:13)
  5 two-headed ogres
  9 boulder beetles
  13 death yaks
  A vampire mage (D:14)
  2 orc high priests (Orc:2)
  A sun moth (Spider:1)
  A skeletal warrior (D:13)
  Amaemon (Lair:3)
  3 skysharks
  A wizard (D:14)
  A deep elf pyromancer (D:13)
  A steelbarb worm (Lair:3)
  A deep elf archer (D:13)
  17 ugly things
  4 orc knights
  3 harpies (Lair:3)
  A phantasmal warrior (D:13)
  A cyclops (D:14)
  7 orc sorcerers
  7 manticores
  4 black mambas
  10 elephants
  A black mamba (shapeshifter) (D:14)
  8 cane toads
  2 gargoyles
  2 demonic crawlers
  An orange demon (Lair:3)
  4 rime drakes
  A torpor snail (Lair:1)
  2 unseen horrors
  5 komodo dragons
  An efreet (D:15)
  2 freezing wraiths
  2 ice devils (D:13)
  7 trolls
  2 polar bears (Lair:4)
  10 blink frogs
  A hornet (D:6)
  A tarantella (Spider:1)
  2 dream sheep (Lair:1)
  3 jumping spiders
  17 slime creatures
  A shadow (D:10)
  A vampire (D:12)
  A human (shapeshifter) (D:15)
  A basilisk (Lair:3)
  A hog (Spider:1)
  2 wyverns
  8 wraiths
  55 yaks
  2 fire elementals
  2 fire bats (Lair:3)
  11 redbacks
  15 vampire mosquitoes
  4 wargs
  Edmund (D:4)
  An acid dragon (D:13)
  7 water moccasins
  4 hell hounds (D:13)
  39 orc warriors
  A sky beast (D:7)
  An ice beast (D:5)
  2 black bears
  12 wolves
  7 ogres
  4 centaurs
  14 bullfrogs
  A kobold brigand (D:7)
  3 gnoll sergeants
  8 scorpions
  3 wights (D:9)
  2 electric eels
  6 howler monkeys
  2 lava snakes (Lair:3)
  3 hounds
  6 jellies
  17 orc priests
  4 gnoll boudas
  A sleepcap (D:7)
  An iguana (D:4)
  26 orc wizards
  39 gnolls
  5 adders
  A white imp (D:5)
  2 ufetubi (D:5)
  4 worms
  7 dart slugs
  111 orcs
  7 bats
  9 endoplasms
  6 giant cockroaches
  3 hobgoblins
  11 jackals
  30 kobolds
  2 quokkas
  13 ball pythons
  5 frilled lizards
  11 goblins
  2 rats
734 creatures vanquished.

Vanquished Creatures (others)
  3 redbacks (Spider:1)
  A human (Spider:1)
  An orc warrior (Orc:1)
  A kobold brigand (D:10)
  An orc wizard (Orc:2)
  4 orcs
  25 fungi
  77 plants
113 creatures vanquished.

Grand Total: 847 creatures vanquished

Notes
Turn   | Place    | Note
-------+----------+-------------------------------------------
     0 | D:1      | Fartwhistle the Gnoll Hunter began the quest for the Orb.
     0 | D:1      | Reached XP level 1. HP: 20/20 MP: 1/1
   175 | D:1      | Reached XP level 2. HP: 26/26 MP: 2/2
   806 | D:2      | Reached XP level 3. HP: 31/31 MP: 3/3
   852 | D:2      | Found a basalt altar of Yredelemnul.
   966 | D:2      | Reached skill level 1 in Invocations
  1122 | D:2      | Found the +5 Force Lance {heavy, knockback}
  1292 | D:2      | Reached skill level 1 in Short Blades
  1292 | D:2      | Reached skill level 1 in Long Blades
  1292 | D:2      | Reached skill level 1 in Axes
  1292 | D:2      | Reached skill level 1 in Maces & Flails
  1292 | D:2      | Reached skill level 1 in Polearms
  1292 | D:2      | Reached skill level 1 in Staves
  1292 | D:2      | Reached skill level 1 in Throwing
  1292 | D:2      | Reached skill level 1 in Armour
  1292 | D:2      | Reached skill level 1 in Shields
  1292 | D:2      | Reached skill level 1 in Unarmed Combat
  1292 | D:2      | Reached skill level 1 in Spellcasting
  1292 | D:2      | Reached skill level 1 in Evocations
  1568 | D:3      | Found an iron altar of Okawaru.
  1571 | D:3      | Learned a level 1 spell: Slow
  1595 | D:3      | Reached XP level 4. HP: 38/38 MP: 5/5
  1889 | D:3      | Reached skill level 1 in Conjurations
  1889 | D:3      | Reached skill level 1 in Hexes
  1889 | D:3      | Reached skill level 1 in Summonings
  1889 | D:3      | Reached skill level 1 in Necromancy
  1889 | D:3      | Reached skill level 1 in Translocations
  1889 | D:3      | Reached skill level 1 in Transmutations
  1889 | D:3      | Reached skill level 1 in Fire Magic
  1889 | D:3      | Reached skill level 1 in Ice Magic
  1889 | D:3      | Reached skill level 1 in Air Magic
  1889 | D:3      | Reached skill level 1 in Earth Magic
  1889 | D:3      | Reached skill level 1 in Poison Magic
  2041 | D:3      | Found a faded altar of an unknown god.
  2224 | D:4      | Found a staircase to the Ecumenical Temple.
  2233 | Temple   | Entered the Ecumenical Temple
  2254 | Temple   | Became a worshipper of Gozag Ym Sagoz the Greedy
  2325 | D:4      | Reached XP level 5. HP: 43/43 MP: 5/7
  2460 | D:4      | Noticed an orc warrior
  2625 | D:4      | Reached XP level 6. HP: 30/50 MP: 8/8
  2800 | D:4      | You fall into a shaft and drop 3 floors!
  2857 | D:7      | Reached skill level 5 in Fighting
  2857 | D:7      | Reached skill level 5 in Dodging
  3035 | D:6      | Noticed a hornet
  3208 | D:5      | Entered Level 5 of the Dungeon
  3289 | D:5      | Reached XP level 7. HP: 42/56 MP: 10/10
  3523 | D:5      | Reached skill level 9 in Ranged Weapons
  3901 | D:5      | Reached XP level 8. HP: 22/63 MP: 12/12
  4645 | D:5      | Learned a level 3 spell: Confusing Touch
  4882 | D:4      | Noticed Edmund
  4891 | D:4      | Killed Edmund
  5557 | D:6      | Killed a hornet
  5781 | D:6      | Reached XP level 9. HP: 69/69 MP: 14/14
  6097 | D:7      | Found Iqutzog's Assorted Antiques.
  6105 | D:7      | Bought a scroll labelled WORHYNTIWU for 22 gold pieces
  6105 | D:7      | Bought a scroll labelled SEDAYGE VYASIG for 22 gold pieces
  6105 | D:7      | Bought a scroll of identify for 44 gold pieces
  7138 | D:7      | Bought a helmet for 99 gold pieces
  7214 | D:8      | Reached skill level 5 in Stealth
  7226 | D:8      | Found a flagged portal.
  7327 | Bailey   | Entered a bailey
  8024 | Bailey   | Reached skill level 5 in Invocations
  8173 | Bailey   | Acquired 550 gold pieces
  8175 | Bailey   | Acquired 569 gold pieces
  8384 | D:8      | Learned a level 3 spell: Mephitic Cloud
  8387 | D:8      | Learned a level 2 spell: Poisonous Vapours
  8669 | D:8      | Reached skill level 5 in Short Blades
  8669 | D:8      | Reached skill level 5 in Long Blades
  8669 | D:8      | Reached skill level 5 in Axes
  8669 | D:8      | Reached skill level 5 in Maces & Flails
  8669 | D:8      | Reached skill level 5 in Polearms
  8669 | D:8      | Reached skill level 5 in Staves
  8669 | D:8      | Reached skill level 5 in Throwing
  8669 | D:8      | Reached skill level 5 in Armour
  8669 | D:8      | Reached skill level 5 in Shields
  8669 | D:8      | Reached skill level 5 in Unarmed Combat
  8669 | D:8      | Reached skill level 5 in Spellcasting
  8669 | D:8      | Reached skill level 5 in Evocations
  8669 | D:8      | Reached XP level 10. HP: 57/77 MP: 17/17
  8739 | D:8      | Identified the +9 chain mail of Nemelex Xobeh's Hope {rF++
                  | rN+ Str-4 Stlth+}
  9122 | D:9      | Reached skill level 10 in Ranged Weapons
  9140 | D:9      | Found a stormy altar of Qazlal.
  9144 | D:9      | Found a shimmering blue altar of Sif Muna.
  9144 | D:9      | Found a snail-covered altar of Cheibriados.
  9145 | D:9      | Found a broken altar of Ashenzari.
  9147 | D:9      | Found a white marble altar of Elyvilon.
  9148 | D:9      | Found a hide-covered altar of Uskayaw.
  9173 | D:9      | Noticed a two-headed ogre
  9181 | D:9      | Killed a two-headed ogre
 10036 | D:9      | Found a hazy altar of Hepliaklqana.
 10038 | D:9      | Noticed a two-headed ogre
 10304 | D:9      | Found a sacrificial altar of Ru.
 10304 | D:9      | Noticed a brown ugly thing
 10319 | D:9      | Killed a brown ugly thing
 10393 | D:9      | Killed a two-headed ogre
 10580 | D:10     | Entered Level 10 of the Dungeon
 10619 | D:9      | Reached skill level 5 in Conjurations
 10619 | D:9      | Reached skill level 5 in Hexes
 10619 | D:9      | Reached skill level 5 in Summonings
 10619 | D:9      | Reached skill level 5 in Necromancy
 10619 | D:9      | Reached skill level 5 in Translocations
 10619 | D:9      | Reached skill level 5 in Transmutations
 10619 | D:9      | Reached skill level 5 in Fire Magic
 10619 | D:9      | Reached skill level 5 in Ice Magic
 10619 | D:9      | Reached skill level 5 in Air Magic
 10619 | D:9      | Reached skill level 5 in Earth Magic
 10619 | D:9      | Reached skill level 5 in Poison Magic
 10619 | D:9      | Reached XP level 11. HP: 41/85 MP: 20/20
 11015 | D:10     | Got the Catalogue of Fever and Hoarfrost
 11279 | D:10     | Found a staircase to the Lair.
 11421 | D:10     | Noticed a two-headed ogre
 11427 | D:10     | Killed a two-headed ogre
 12315 | D:11     | Noticed a manticore
 12331 | D:11     | Killed a manticore
 12360 | D:11     | Noticed a two-headed ogre
 12367 | D:11     | Noticed a boulder beetle
 12681 | D:11     | Found a staircase to the Orcish Mines.
 12814 | D:11     | Killed a two-headed ogre
 12958 | D:11     | Reached skill level 11 in Ranged Weapons
 13071 | D:11     | Noticed a boulder beetle
 13573 | Lair:1   | Entered Level 1 of the Lair of Beasts
 13748 | Lair:1   | Reached XP level 12. HP: 71/94 MP: 22/22
 14465 | Lair:1   | Noticed Urug
 15145 | Lair:2   | Noticed a death yak
 15145 | Lair:2   | Noticed a death yak
 15145 | Lair:2   | Noticed a death yak
 15145 | Lair:2   | Noticed a death yak
 15181 | Lair:2   | Killed a death yak
 15499 | Lair:2   | Noticed a seven-headed hydra
 15508 | Lair:2   | Killed a seven-headed hydra
 15675 | Lair:2   | Noticed a death yak
 15676 | Lair:2   | Noticed a death yak
 15714 | Lair:1   | Killed a death yak
 15739 | Lair:1   | Killed a death yak
 15974 | Lair:2   | Killed a death yak
 15982 | Lair:2   | Killed a death yak
 16003 | Lair:2   | Killed a death yak
 16252 | Lair:3   | Noticed Amaemon
 16338 | Lair:3   | Reached skill level 12 in Ranged Weapons
 16338 | Lair:3   | Reached XP level 13. HP: 102/102 MP: 25/25
 16460 | Lair:3   | Acquired a +4 triple sword of holy wrath
 16540 | Lair:3   | Reached XP level 14. HP: 94/109 MP: 26/26
 16631 | Lair:3   | Found a hole to the Spider Nest.
 16893 | Lair:3   | Found a staircase to the Shoals.
 17080 | Lair:3   | Reached skill level 10 in Fighting
 17080 | Lair:3   | Reached skill level 10 in Dodging
 17464 | Lair:3   | Killed Amaemon
 17495 | Lair:3   | Reached skill level 10 in Invocations
 17495 | Lair:3   | Reached XP level 15. HP: 117/117 MP: 26/28
 18464 | Lair:4   | Identified the +11 short sword of Ponon {elec, Stlth+}
 19040 | Lair:5   | Entered Level 5 of the Lair of Beasts
 19262 | Lair:5   | Noticed Josephine
 19695 | Lair:5   | Killed Josephine
 19696 | Lair:5   | Reached skill level 10 in Stealth
 19830 | Lair:5   | Found a viscous altar of Jiyva.
 19838 | Lair:5   | Found a staircase to the Slime Pits.
 19846 | Lair:5   | Identified the +6 ring mail "Avirrel" {rN+ Int+3}
 21422 | Lair:5   | Reached skill level 10 in Short Blades
 21422 | Lair:5   | Reached skill level 10 in Long Blades
 21422 | Lair:5   | Reached skill level 10 in Axes
 21422 | Lair:5   | Reached skill level 10 in Maces & Flails
 21422 | Lair:5   | Reached skill level 10 in Polearms
 21422 | Lair:5   | Reached skill level 10 in Staves
 21422 | Lair:5   | Reached skill level 10 in Throwing
 21422 | Lair:5   | Reached skill level 10 in Armour
 21422 | Lair:5   | Reached skill level 10 in Shields
 21422 | Lair:5   | Reached skill level 10 in Unarmed Combat
 21422 | Lair:5   | Reached skill level 10 in Spellcasting
 21422 | Lair:5   | Reached skill level 10 in Evocations
 21637 | Lair:5   | Reached skill level 13 in Ranged Weapons
 22654 | Lair:5   | Learned a level 4 spell: Olgreb's Toxic Radiance
 23119 | D:11     | Reached XP level 16. HP: 89/125 MP: 30/30
 24354 | D:12     | Noticed Fannar
 24480 | D:12     | Identified the +5 ring mail of the Endless Expanse {-Tele
                  | rElec rPois SInv}
 24948 | D:12     | Killed Fannar
 25359 | D:13     | Noticed Frances
 25818 | Orc:1    | Entered Level 1 of the Orcish Mines
 26441 | Orc:2    | Entered Level 2 of the Orcish Mines
 26994 | Orc:2    | Found Intaeduelu's Assorted Antiques.
 27274 | Orc:2    | Found Rettyoge's General Store.
 27283 | Orc:2    | Bought a wand of mindburst (10) for 196 gold pieces
 27283 | Orc:2    | Bought a scroll of identify for 28 gold pieces
 27283 | Orc:2    | Bought 2 potions of curing for 84 gold pieces
 27283 | Orc:2    | Bought a scroll of teleportation for 42 gold pieces
 27632 | Orc:2    | Gained mutation: Your body sometimes deteriorates upon
                  | taking damage. [a neqoxec]
 28560 | Orc:2    | Bought a scroll of teleportation for 93 gold pieces
 28560 | Orc:2    | Bought a scroll of identify for 62 gold pieces
 28560 | Orc:2    | Bought a wand of quicksilver (2) for 260 gold pieces
 28560 | Orc:2    | Bought a scroll labelled DENINT XAYFFAO for 31 gold pieces
 28824 | Orc:2    | Found Zuqyta's Book Boutique.
 29021 | Orc:2    | Found a staircase to the Elven Halls.
 29324 | Orc:2    | Paralysed by an orc sorcerer for 4 turns
 29537 | Orc:2    | Found Butecy's Antique Weapon Shoppe.
 29539 | Orc:2    | Found Ivameqat's Antique Armour Emporium.
 29546 | Orc:2    | Bought a transparent scale mail for 306 gold pieces
 29546 | Orc:2    | Identified the +0 scale mail of the Heavens {rF+ rC+} (You
                  | bought it in a shop on level 2 of the Orcish Mines)
 29700 | D:13     | Identified the +1 leather armour of Fortitude {rF+ rN+
                  | Dex+3}
 30210 | D:13     | Paralysed by an orc sorcerer for 3 turns
 30667 | D:13     | Found a gate to the Vaults.
 30973 | D:13     | Noticed Azrael
 31807 | D:13     | Killed Frances
 32059 | D:13     | Found a snail-covered altar of Cheibriados.
 33926 | D:14     | Lost mutation: Your body sometimes deteriorates upon taking
                  | damage. [potion of mutation]
 33926 | D:14     | Gained mutation: You possess an exceptional clarity of
                  | mind. [potion of mutation]
 33926 | D:14     | Gained mutation: You are partially covered in iridescent
                  | scales. (AC +2) [potion of mutation]
 33926 | D:14     | Gained mutation: Your body sometimes deteriorates upon
                  | taking damage. [potion of mutation]
 33973 | D:15     | Entered Level 15 of the Dungeon
 33992 | D:15     | Found a staircase to the Depths.
 34270 | D:14     | Reached XP level 17. HP: 131/133 MP: 32/32
 35314 | Spider:1 | Entered Level 1 of the Spider Nest
 36259 | Lair:3   | Bought the amulet "Zaylawn Gyzi" {Reflect Slay+2 SH+5} for
                  | 817 gold pieces
 36435 | Spider:1 | Noticed Kirke
 36464 | Lair:3   | Killed Kirke
 36522 | Spider:1 | Noticed Roxanne
 36546 | Spider:1 | Reached skill level 14 in Ranged Weapons
 36719 | Spider:1 | Killed Roxanne
 36767 | Spider:1 | Noticed Nikola
 36796 | Spider:1 | Killed from afar by Nikola

Illustrated notes

Levels and vault maps discovered:
D:1:      onia_arrival_pyramid, layout_loops_ring
D:2:      layout_loops_corners, basic_altar, st_stairs_13,
          minmay_misc_feat_cross
D:3:      layout_loops_cross, mainiacjoe_overflow_24_doors,
          shapermc_ecumenical_altar_hornbeckon, minmay_curled_crystal,
          minmay_pentomino_pile
D:4:      layout_loops_ring, temple_statues, guppyfry_early_orc_mine,
          uniq_edmund
D:5:      layout_loops_ring, dreamdust_princess_corridor, dk_vineyard_1,
          kennysheep_boxes
D:6:      layout_gridville
D:7:      kennysheep_kobold_camp, layout_loops_corners, serial_shops, shop,
          glass_columns_a
D:8:      layout_basic, enter_bailey_3
D:9:      layout_loops_ring, minitemple, serial_rivers,
          chequers_serial_rivers_room_b, chequers_serial_rivers_micro_d,
          chequers_serial_rivers_large_a, chequers_serial_rivers_micro_d,
          chequers_serial_rivers_micro_e, hangedman_feature_mirror
D:10:     layout_long_grid, david_lair_shrubbed, small_statue_alley_a
D:11:     layout_rooms, orc_0_dummy
D:12:     layout_stronghold, grunt_ministairs_1, uniq_fannar
D:13:     layout_cave_pods, grunt_vaults_entry_fortified,
          portal_ice_cave_demonic_guard, kennysheep_cross_bottleneck,
          slow_altar_2, uniq_azrael, uniq_frances
D:14:     layout_roguey, nicolae_cairo_tiling_large, minmay_fountain_box,
          nzn_life_drinkers
D:15:     grunt_enter_depths_giant_problem, layout_irregular_city,
          nrook_pool_corridor
Temple:   hellmonk_temple_two_chambers
Lair:1:   layout_gridlike, grunt_forest_small_clearing_treed,
          wad_woods_river_01, uniq_urug
Lair:2:   layout_cave_shapes, lemuel_fruit_fields, serial_bayou_shore_b
Lair:3:   layout_gridlike, nicolae_shoals_entry_roost,
          nicolae_spider_entry_non_spiders, uniq_amaemon
Lair:4:   layout_cave_pods, lemuel_fruit_fields
Lair:5:   evilmike_catoblepas_cave, layout_regular_city,
          nicolae_slime_entry_field_trip, chequers_serial_rivers_small_3,
          uniq_josephine
Spider:1: layout_cave_pods, uniq_roxanne, uniq_nikola, uniq_kirke
Orc:1:    layout_caves
Orc:2:    grunt_orc_community_town_hall, layout_diamond_mine,
          grunt_orc_community_big_house_2, grunt_orc_community_big_house_1,
          grunt_orc_community_house_2, grunt_orc_community_house_1,
          grunt_orc_community_house_1, grunt_orc_community_house_1,
          serial_shops, nicolae_shop_peninsula, basic_altar

Skill      XL: |  1  2  3  4  5  6  7  8  9 10 11 12 13 14 15 16 17 |
---------------+----------------------------------------------------+-----
Invocations    | 1 2 3 4 5 6 7 9 10 11 12 | 12.3
Short Blades   | 1 2 3 5 6 7 8 9 10 11 | 11.4
Long Blades    | 1 2 3 5 6 7 8 9 10 11 | 11.4
Axes           | 1 2 3 5 6 7 8 9 10 11 | 11.4
Maces & Flails | 1 2 3 5 6 7 8 9 10 11 | 11.4
Polearms       | 1 2 3 5 6 7 8 9 10 11 | 11.4
Staves         | 1 2 3 5 6 7 8 9 10 11 | 11.4
Throwing       | 1 2 3 5 6 7 8 9 10 11 | 11.4
Armour         | 1 2 3 5 6 7 8 9 10 11 | 11.4
Shields        | 1 2 3 5 6 7 8 9 10 11 | 11.4
Unarmed Combat | 1 2 3 5 6 7 8 9 10 11 | 11.4
Spellcasting   | 1 2 3 5 6 7 8 9 10 11 | 11.4
Evocations     | 1 2 3 5 6 7 8 9 10 11 | 11.4
Conjurations   | 1 2 3 4 5 7 8 9 |  9.6
Hexes          | 1 2 3 4 5 7 8 9 |  9.6
Summonings     | 1 2 3 4 5 7 8 9 |  9.6
Necromancy     | 1 2 3 4 5 7 8 9 |  9.6
Translocations | 1 2 3 4 5 7 8 9 |  9.6
Transmutations | 1 2 3 4 5 7 8 9 |  9.6
Fire Magic     | 1 2 3 4 5 7 8 9 |  9.6
Ice Magic      | 1 2 3 4 5 7 8 9 |  9.6
Air Magic      | 1 2 3 4 5 7 8 9 |  9.6
Earth Magic    | 1 2 3 4 5 7 8 9 |  9.6
Poison Magic   | 1 2 3 4 5 7 8 9 |  9.6
Stealth        | 3 4 5 6 7 8 9 10 11 | 11.6
Fighting       | 5 6 7 8 9 10 11 12 | 12.2
Dodging        | 5 6 7 8 9 10 11 12 | 12.2
Ranged Weapons | 9 10 11 12 13 14 | 14.0

Action                     |  1- 3 |  4- 6 |  7- 9 | 10-12 | 13-15 | 16-18 || total
---------------------------+-------+-------+-------+-------+-------+-------++-------
  Melee: Lance             |     6 |    38 |   322 |   628 |   834 |   951 ||  2779
         Bite              |     1 |     3 |    24 |    65 |   121 |   118 ||   332
         Punch             |       |       |     2 |    25 |    67 |    56 ||   150
         Triple sword      |       |       |       |       |       |   113 ||   113
   Fire: Shortbow          |    81 |    86 |   183 |   123 |    36 |   107 ||   616
         Arbalest          |       |       |       |       |       |   265 ||   265
   Cast: Confusing Touch   |       |       |    10 |       |       |       ||    10
         Slow              |       |       |     4 |       |       |       ||     4
         Poisonous Vapours |       |       |       |       |       |     4 ||     4
         Olgreb's Toxic Ra |       |       |       |       |       |     3 ||     3
 Invoke: Potion Petition   |       |       |     1 |       |     1 |     5 ||     7
         Call Merchant     |       |       |       |       |       |     2 ||     2
  Evoke: Wand              |       |       |       |    20 |       |    14 ||    34
    Use: Scroll            |       |     9 |     4 |     8 |     2 |    20 ||    43
         Potion            |       |     2 |       |     1 |     2 |    10 ||    15
   Stab: Sleeping          |       |     1 |     9 |     3 |     2 |     6 ||    21
         Confused          |       |       |     7 |       |       |       ||     7
         Distracted        |       |       |     1 |     2 |    11 |     9 ||    23
         Paralysed         |       |       |       |     3 |       |       ||     3
 Armour: Leather armour    |     7 |    20 |    10 |       |       |       ||    37
         Robe              |       |       |    50 |       |       |       ||    50
         Chain mail        |       |       |       |   426 |   469 |   626 ||  1521
         Skin              |       |       |       |       |       |     8 ||     8
         Ring mail         |       |       |       |       |       |    29 ||    29
  Dodge: Dodged            |    12 |    35 |   216 |   172 |   246 |   457 ||  1138
  Block: Other             |       |    10 |    73 |   117 |   138 |   229 ||   567
         Reflection        |       |     1 |    10 |     2 |       |    13 ||    26
